 Dungeon Crawl Stone Soup version 0.19.4-8-ga85b6b9 (webtiles) character file.

164 Jerry the Chopper (level 5, -3/45 HPs)
             Began as a Hill Orc Gladiator on Feb 12, 2017.
             Slain by an orc warrior
             ... wielding a +0 trident
              (11 damage)
             ... on level 3 of the Dungeon.
             The game lasted 00:04:13 (1729 turns).

Jerry the Chopper (Hill Orc Gladiator)              Turns: 1729, Time: 00:04:13

Health: -3/45      AC: 10    Str: 19    XL:     5   Next: 45%
Magic:  5/5        EV:  8    Int:  8    God:
Gold:   43         SH:  0    Dex: 11    Spells: 0 memorised, 4 levels left

rFire  . . .     SeeInvis .     a - +0 war axe
rCold  . . .     Gourm    .     o - +0 chain mail
rNeg   . . .     Faith    .     (no shield)
rPois  .         Spirit   .     c - +0 helmet
rElec  .         Reflect  .     (no cloak)
rCorr  .         Harm     .     (no gloves)
MR     .....                    (no boots)
Stlth  ..........               (no amulet)
                                (no ring)
                                p - ring of loudness (curse)

@: no status effects
A: no striking features
a: no special abilities


You were on level 3 of the Dungeon.
You were not hungry.

You visited 1 branch of the dungeon, and saw 3 of its levels.

You collected 43 gold pieces.

Inventory:

Hand Weapons
 a - a +0 war axe (weapon)
Armour
 c - a +0 helmet (worn)
 o - a +0 chain mail (worn)
Jewellery
 p - a cursed ring of loudness (left hand)
Scrolls
 e - a scroll of immolation {unknown}
 g - 2 scrolls of random uselessness {unknown}
 i - a scroll of identify {unknown}
 k - 2 scrolls of recharging {unknown}
Potions
 h - a potion of flight {unknown}
 l - 2 potions of magic {unknown}
 n - 5 potions of brilliance {unknown}
Comestibles
 b - 9 chunks of flesh
 f - 2 bread rations
 j - 2 meat rations
 m - 3 fruits
 q - a beef jerky


   Skills:
 + Level 3.5 Fighting
 * Level 6.4 Axes
 - Level 1.7 Throwing
 + Level 2.5 Armour
 - Level 2.4 Dodging


You had 4 spell levels left.
You didn't know any spells.

Dungeon Overview and Level Annotations

Branches:
Dungeon (3/15)

Altars:


Message History

The orc warrior is moderately wounded.
The orc warrior hits you with a trident.
Your chain mail prevents you from hitting the orc warrior.
The orc warrior is moderately wounded.
The orc warrior hits you with a trident!
You closely miss the orc warrior.
The orc warrior is moderately wounded.
The orc warrior hits you with a trident!
* * * LOW HITPOINT WARNING * * *
You slash the orc warrior!
The orc warrior is severely wounded.
The orc warrior closely misses you.
You hit the orc warrior but do no damage.
The orc warrior is severely wounded.
The orc warrior hits you with a trident.
* * * LOW HITPOINT WARNING * * *
You hit the orc warrior but do no damage.
The orc warrior is severely wounded.
The orc warrior hits you with a trident!
You die...

#....#......#.#
#......#..#.#.#
#....#.#......#
####....#.#....###
#....#..#.#..)####
#....#..#.....##.#
#.......#####.##.#
#####...##....###[...#
........##....#)@)...#
........##....#o######
........##....#.######
........##....#.##.).#
........##....#.##.#o#
........##....#.##.#.#
........####..#.##.#<#
###.##### #>#..o.###
#.# .####.#


You could see an orc warrior.

Vanquished Creatures
  An orc priest (D:3)
  An orc wizard (D:3)
  Robin (D:3)
  2 adders
  2 oozes
  3 worms (D:2)
  A leopard gecko (D:2)
  4 orcs (D:3)
  A giant cockroach (D:1)
  5 hobgoblins
  3 jackals (D:2)
  5 kobolds
  6 bats
  5 frilled lizards
  13 goblins
  3 rats (D:2)
56 creatures vanquished.

Notes
Turn   | Place    | Note
-------+----------+-------------------------------------------
     0 | D:1      | Jerry the Hill Orc Gladiator began the quest for the Orb.
     0 | D:1      | Reached XP level 1. HP: 18/18 MP: 1/1
   255 | D:1      | Reached XP level 2. HP: 21/25 MP: 2/2
   382 | D:1      | Reached skill level 1 in Armour
   753 | D:2      | Reached XP level 3. HP: 30/30 MP: 3/3
   894 | D:2      | Reached skill level 5 in Axes
  1306 | D:3      | Noticed Robin
  1309 | D:3      | Reached XP level 4. HP: 37/37 MP: 4/4
  1323 | D:3      | Noticed an orc warrior
  1339 | D:3      | Killed Robin
  1499 | D:3      | Reached skill level 6 in Axes
  1564 | D:3      | Reached XP level 5. HP: 44/45 MP: 5/5
  1729 | D:3      | Slain by an orc warrior

Skill      XL: |  1  2  3  4 |
---------------+-------------+-----
Armour         | 1 2 |  2.5
Axes           | 5 6 |  6.4
Fighting       | 3 |  3.5
Throwing       | |  1.7
Dodging        | |  2.4

Action                   |  1- 3 |  4- 6 || total
-------------------------+-------+-------++-------
Melee: War axe           |   101 |    60 ||   161
Throw: Throwing net      |       |     3 ||     3
  Eat: Chunk             |     1 |     2 ||     3
Armor: Leather armour    |    16 |       ||    16
       Scale mail        |    23 |       ||    23
       Chain mail        |    17 |    22 ||    39
Dodge: Dodged            |    68 |    20 ||    88
